 Dungeon Crawl Stone Soup version 0.19.5 (webtiles) character file.

52 JeffiDaFish the Firebug (level 3, -2/26 HPs)
             Began as a Draconian Fire Elementalist on May 10, 2017.
             Slain by an ogre
             ... wielding a +0 giant club
              (28 damage)
             ... on level 3 of the Dungeon.
             The game lasted 00:08:09 (1981 turns).

JeffiDaFish the Firebug (DrFE)                      Turns: 1981, Time: 00:08:09

Health: -2/26      AC:  5    Str:  8 (10) XL:     3   Next: 60%
Magic:  0/6        EV: 12    Int: 13 (16) God:
Gold:   96         SH:  0    Dex: 10 (11) Spells: 2 memorised, 3 levels left

rFire  . . .     SeeInvis .     h - +2 dagger (vamp)
rCold  . . .     Gourm    .     (armour unavailable)
rNeg   . . .     Faith    .     (no shield)
rPois  .         Spirit   .     (helmet restricted)
rElec  .         Reflect  .     (no cloak)
rCorr  .         Harm     .     (no gloves)
MR     .....                    (no boots)
Stlth  ++........               (no amulet)
                                (no ring)
                                (no ring)

@: very slightly contaminated
A: unfitting armour, cold-blooded, AC +5
a: no special abilities


You were on level 3 of the Dungeon.
You were hungry.

You visited 1 branch of the dungeon, and saw 3 of its levels.

You collected 96 gold pieces.

Inventory:

Hand Weapons
 h - a +2 vampiric dagger (weapon)
Scrolls
 e - 2 scrolls of identify
 f - a scroll of remove curse
Potions
 d - a potion of heal wounds
Books
 a - a book of Flames

   Spells                             Type                      Level
   a - Flame Tongue                   Conjuration/Fire             1
   b - Throw Flame                    Conjuration/Fire             2
   c - Conjure Flame                  Conjuration/Fire             3
   d - Inner Flame                    Hexes/Fire                   3
   e - Sticky Flame                   Conjuration/Fire             4
   f - Fireball                       Conjuration/Fire             5
Comestibles
 b - 5 bread rations
 c - a beef jerky
 g - 3 chunks of flesh


   Skills:
 + Level 0.0 Fighting
 - Level 0.2 Short Blades
   Level 0.2 Maces & Flails
 + Level 2.0 Dodging
 + Level 2.1 Stealth
 - Level 0.2 Unarmed Combat
 * Level 2.4 Spellcasting
 + Level 1.4 Conjurations
 + Level 3.6 Fire Magic


You had 3 spell levels left.
You knew the following spells:

 Your Spells              Type           Power        Failure   Level  Hunger
a - Flame Tongue          Conj/Fire      #....        10%         1    #......
b - Throw Flame           Conj/Fire      #.....       14%         2    ###....


Dungeon Overview and Level Annotations

Branches:
Dungeon (3/15)

Altars:


Innate Abilities, Weirdness & Mutations

Your plain brown scales are hard. (AC +5)
You cannot fit into any form of body armour.
You are cold-blooded and may be slowed by cold attacks.


Message History

The ogre is moderately wounded.
You are feeling hungry.
Casting: Flame Tongue
Confirm with . or Enter, or press ? or * to list all spells.
Aiming: Flame Tongue
Press: ? - help, Shift-Dir - straight line, f/p - ogre
Aim: an ogre, wielding a giant club (moderately wounded)
The flame tongue hits the ogre.
The ogre is heavily wounded.
The ogre barely misses you.
You barely miss the ogre.
Your tail-slap misses the ogre.
The ogre is heavily wounded.
You hit the ogre.
The ogre is severely wounded.
The ogre misses you.
You hit the ogre.
The ogre is severely wounded.
The ogre hits you with a giant club!!
Ouch! That really hurt!
You die...

######### ##.......##
#...=.....# ####.#
#.........##.....#
#.........O@# ############
######.........#.###<.........#
......>........#.....#####....#
######.........#.....#####.####
#...<######.รท......##.#
#.##.##....(...##.....#
#.##..#.########...####
#.###.#..........)## #.#
#.#.....####.####


You could see an ogre.

Vanquished Creatures
  A gnoll (D:1)
  A worm (D:2)
  A dart slug (D:1)
  2 leopard geckos (D:3)
  4 ball pythons
  2 giant cockroaches (D:1)
  4 goblins
  9 hobgoblins
  4 kobolds (D:1)
  2 bats
  3 frilled lizards
  2 rats
35 creatures vanquished.

Notes
Turn   | Place    | Note
-------+----------+-------------------------------------------
     0 | D:1      | JeffiDaFish the Draconian Fire Elementalist began the quest for the Orb.
     0 | D:1      | Reached XP level 1. HP: 14/14 MP: 3/3
   197 | D:1      | Reached XP level 2. HP: 19/20 MP: 0/5
   396 | D:1      | Learned a level 2 spell: Throw Flame
   611 | D:1      | Reached XP level 3. HP: 24/26 MP: 2/6
  1903 | D:3      | Noticed an ogre
  1981 | D:3      | Slain by an ogre

Skill      XL: |  1  2 |
---------------+-------+-----
Dodging        | 2 |  2.0
Stealth        | 2 |  2.1
Short Blades   | |  0.2
Maces & Flails | |  0.2
Unarmed Combat | |  0.2
Spellcasting   | |  2.4
Conjurations   | |  1.4
Fire Magic     | |  3.6

Action                   || total
-------------------------++-------
Melee: Unarmed           ||    18
       Tailslap          ||     3
       Short sword       ||    11
       Dagger            ||    15
       Mace              ||     3
 Cast: Flame Tongue      ||    33
       Throw Flame       ||    13
  Use: Scroll            ||     8
       Potion            ||     6
 Stab: Sleeping          ||     2
       Distracted        ||     1
  Eat: Chunk             ||     4
       Meat ration       ||     1
Armor: Skin              ||     8
Dodge: Dodged            ||    39
